 Dungeon Crawl Stone Soup version 0.28.0 (webtiles) character file.

Game seed: 8405934531759581712

68201 browni3141 the Severer (level 14, -1/137 HPs)
             Began as a Minotaur Berserker on Feb 10, 2022.
             Was an Elder of Trog.
             Slain by a thrashing horror (12 damage)
             ... on level 2 of the Abyss.
             The game lasted 00:15:40 (21272 turns).

browni3141 the Severer (Minotaur Berserker)        Turns: 21272, Time: 00:15:41

Health: -1/137     AC: 22    Str: 28    XL:     14   Next: 85%
Magic:  13/13      EV: 12    Int:  4    God:    Trog [****..]
Gold:   1366       SH:  0    Dex:  9    Spells: 13/13 levels left

rFire   . . .      SeeInvis .   U - +2 battleaxe (freeze)
rCold   + . .      Faith    +   (shield currently unavailable)
rNeg    . . .      Spirit   .   s - +0 plate armour
rPois   .          Reflect  .   (helmet restricted)
rElec   .          Harm     .   u - +0 cloak
rCorr   .          Rampage  .   M - +0 pair of gloves
Will    +++..                   k - +0 pair of boots
Stlth   ..........              G - amulet of faith
HPRegen 1.32/turn               V - ring of protection from cold
MPRegen 0.13/turn               (no ring)

@: strong-willed, on berserk cooldown, regenerating, slowed, studying Staves,
very slow
A: horns 2, retaliatory headbutt
a: Renounce Religion, Berserk, Trog's Hand, Brothers in Arms


You were on level 2 of the Abyss.
You worshipped Trog.
Trog was greatly pleased with you.
You visited 2 branches of the dungeon, and saw 18 of its levels.
You visited the Abyss 1 time.
You also visited: Ice Cave.

You collected 1366 gold pieces.

Inventory:

Hand Weapons
 a - a +0 hand axe
 o - a +0 vorpal battleaxe
 r - a +4 war axe of freezing
 U - a +2 battleaxe of freezing (weapon)
Missiles
 K - a throwing net (quivered)
Armour
 b - a +0 animal skin
 j - a +0 chain mail
 k - a +0 pair of boots (worn)
 s - a +0 plate armour (worn)
 u - a +0 cloak (worn)
 M - a +0 pair of gloves (worn)
Jewellery
 x - a ring of magical power
 G - an amulet of faith (around neck)
 V - a ring of protection from cold (left hand)
Wands
 l - a wand of paralysis (6)
 t - a wand of iceblast (11)
 w - a wand of digging (9)
 I - a wand of charming (10)
Scrolls
 d - 2 scrolls of vulnerability
 e - 2 scrolls of summoning
 f - a scroll of immolation
 g - 13 scrolls of identify
 v - 3 scrolls of magic mapping
 y - 2 scrolls of teleportation {unknown}
 A - 3 scrolls of fog
 B - 2 scrolls of brand weapon {unknown}
 D - a scroll of torment {unknown}
 E - 2 scrolls of noise {unknown}
 F - a scroll of fear {unknown}
 J - 2 scrolls of acquirement {unknown}
 L - 2 scrolls of amnesia {unknown}
 Q - a scroll of enchant armour {unknown}
Potions
 c - 3 potions of ambrosia {unknown}
 h - 3 potions of might {unknown}
 i - 3 potions of heal wounds {unknown}
 m - 10 potions of curing {unknown}
 n - 5 potions of mutation {unknown}
 p - 3 potions of lignification {unknown}
 q - 4 potions of haste {unknown}
 z - a potion of flight {unknown}
 C - 2 potions of degeneration {unknown}
 N - a potion of berserk rage {unknown}
 O - a potion of attraction {unknown}
 P - 2 potions of cancellation {unknown}
 R - a potion of brilliance {unknown}
 S - 3 potions of magic {unknown}
 T - a potion of resistance {unknown}
Miscellaneous
 H - a phantom mirror


   Skills:
 + Level 16.2 Fighting
 + Level 16.2 Axes
 + Level 16.0 Armour
 + Level 14.8 Dodging


You had 13 spell levels left.
You didn't know any spells.
Your spell library was empty.

Dungeon Overview and Level Annotations

Branches:
Dungeon (12/15)            Temple (0/1) D:7            Lair (6/6) D:11
  Swamp (0/4) Lair:4        Snake (0/4) Lair:4        Slime (0/5) Lair:6
    Orc (0/2) D:9           IceCv (visited)

Altars:
Zin

Shops:
D:10 :

Annotations:
Lair:4 1 runed translucent door, exclusion: door, Aricsoirch's ghost, journeyman GrFi
Lair:5 exclusion: oklob plant


Innate Abilities, Weirdness & Mutations

You have a pair of horns on your head.
You reflexively headbutt those who attack you in melee.


Message History

A spatial maelstrom comes into view.
The spatial vortex moves out of view.
A spatial vortex comes into view. x3; A small abomination comes into view.
The spatial vortex moves out of view.
The small abomination closely misses you.
The small abomination hits you! 2 spatial vortices come into view.
You slash the small abomination! You freeze the small abomination.
Your headbutt misses the small abomination.
The small abomination is severely damaged.
A spatial vortex comes into view.
The small abomination barely misses you.
The spatial maelstrom hits you but does no damage.
The spatial maelstrom hits you!
You wobble for a moment.
The small abomination closely misses you.
You furiously retaliate!
You headbutt the small abomination.
The spatial vortex moves out of view.
You slice the small abomination!! You freeze the small abomination.
You destroy the small abomination!
That felt strangely unrewarding.
The spatial maelstrom hits you. Space warps horribly around you!
The spatial maelstrom hits you. Space warps around you.
You completely miss the spatial maelstrom.
You headbutt the spatial maelstrom!!
The spatial maelstrom is moderately damaged.
The spatial maelstrom hits you!
* * * LOW HITPOINT WARNING * * *
Space warps around you.
* * * LOW HITPOINT WARNING * * *
The spatial maelstrom hits you!
* * * LOW HITPOINT WARNING * * *
Space warps horribly around you!
* * * LOW HITPOINT WARNING * * *
You are too injured to fight recklessly!
You are too injured to fight recklessly!
You are too injured to fight recklessly!
A thrashing horror and 2 spatial vortices come into view.
The thrashing horror roars!
You hear a shout!
The thrashing horror tramples you!
You die...

.... ..
..#### ...#.
.##....#.
#..##.#....#
# #.....#..
. . # ..
.......####
..#.#...###
#.#..##
##....# #
#..#.@# #
#....#X.#
#.v#.v##..#
###..# #v.#
#.# ..# v..#
v.# #..# .v#
#.#. ..# ..v


You could see a spatial maelstrom, 5 spatial vortices and a thrashing horror.

Vanquished Creatures
  A bone dragon (Abyss:2)
  Rupert (Lair:4)
  A frost giant (IceCv)
  Josephine (D:12)
  A boulder beetle (Lair:5)
  4 hydras
  7 catoblepae
  6 two-headed ogres
  12 death yaks
  Urug (Lair:5)
  4 thrashing horrors (Abyss:2)
  2 bog bodies (Lair:4)
  3 wizards (D:12)
  A will-o-the-wisp (Abyss:2)
  3 manticores
  18 elephants
  An ice statue (IceCv)
  3 black mambas
  A molten gargoyle (Lair:6)
  10 cane toads
  3 centaur zombies
  2 smoke demons (Abyss:2)
  Joseph (Lair:1)
  A gargoyle (D:12)
  2 unseen horrors
  8 rime drakes
  8 komodo dragons
  2 kobold demonologists (D:11)
  An efreet (Abyss:2)
  A tengu conjurer (D:12)
  2 trolls
  10 polar bears
  12 blink frogs
  3 slime creatures (D:9)
  A flying skull (Abyss:2)
  A vampire (D:12)
  A small abomination (Abyss:2)
  5 wraiths
  4 wyverns
  4 basilisks
  65 yaks
  2 neqoxecs (Abyss:2)
  A steam dragon (D:7)
  3 swamp worms (Lair:4)
  2 acid dragons
  A large abomination (Abyss:2)
  Edmund (D:4)
  3 orc warriors
  9 water moccasins
  2 black bears (Lair:5)
  2 ice beasts
  5 ogres
  22 wolves
  2 centaurs
  A phantom (D:6)
  18 bullfrogs
  2 scorpions
  2 kobold brigands (D:11)
  41 killer bees
  3 wights (D:8)
  2 electric eels
  8 howler monkeys
  3 orc priests
  A centaur skeleton (D:7)
  A hound (D:7)
  3 jellies
  A scorpion zombie (D:5)
  2 iguanas
  Natasha (D:3)
  8 orc wizards
  5 hell rats (Lair:5)
  A hound skeleton (D:4)
  A howler monkey zombie (D:8)
  4 gnolls (D:7)
  2 adders
  An ufetubus (D:7)
  14 orcs
  An endoplasm (D:3)
  A giant cockroach (D:4)
  A goblin (D:3)
  A hobgoblin (D:1)
  4 kobolds (D:11)
  A quokka (D:4)
  2 ball pythons
  A bat (D:1)
  A frilled lizard (D:2)
  A rat (D:1)
  A bush (Lair:6)
413 creatures vanquished.

Vanquished Creatures (collateral kills)
  A hydra (Lair:4)
1 creature vanquished.

Vanquished Creatures (others)
  A wizard (D:12)
  15 fungi
  28 plants
  2 starspawn tentacles (Abyss:2)
46 creatures vanquished.

Grand Total: 460 creatures vanquished

Notes
Turn   | Place    | Note
-------+----------+-------------------------------------------
     0 | D:1      | browni3141 the Minotaur Berserker began the quest for the
                  | Orb.
     0 | D:1      | Reached XP level 1. HP: 19/19 MP: 0/0
   169 | D:2      | Reached XP level 2. HP: 25/27 MP: 1/1
   494 | D:3      | Noticed Natasha
   506 | D:3      | Killed Natasha
   507 | D:3      | Reached XP level 3. HP: 33/33 MP: 2/2
   589 | D:4      | Noticed Edmund
   602 | D:4      | Killed Edmund
   603 | D:4      | Reached XP level 4. HP: 13/41 MP: 3/3
   603 | D:4      | Reached XP level 5. HP: 14/47 MP: 4/4
   856 | D:4      | Reached skill level 5 in Axes
   875 | D:4      | Noticed an ogre
   880 | D:4      | Killed an ogre
   881 | D:4      | Reached skill level 5 in Fighting
   881 | D:4      | Reached XP level 6. HP: 56/56 MP: 5/5
  1039 | D:5      | Entered Level 5 of the Dungeon
  1055 | D:6      | Noticed a water moccasin
  1066 | D:6      | Killed a water moccasin
  1067 | D:6      | Reached skill level 5 in Armour
  1101 | D:5      | Reached XP level 7. HP: 47/62 MP: 6/6
  1581 | D:6      | Reached skill level 5 in Dodging
  1826 | D:6      | Reached XP level 8. HP: 71/71 MP: 7/7
  2189 | D:7      | Noticed a troll
  2194 | D:7      | Killed a troll
  2200 | D:7      | Reached XP level 9. HP: 81/81 MP: 8/8
  2479 | D:7      | Reached ** piety under Trog
  2524 | D:7      | Found a staircase to the Ecumenical Temple.
  4343 | D:9      | Reached XP level 10. HP: 81/91 MP: 9/9
  4636 | D:9      | Found a glowing silver altar of Zin.
  4725 | D:9      | Noticed a two-headed ogre
  4730 | D:9      | Killed a two-headed ogre
  5163 | D:9      | Noticed a two-headed ogre
  5168 | D:9      | Killed a two-headed ogre
  5169 | D:9      | Reached skill level 10 in Fighting
  5169 | D:9      | Reached skill level 10 in Axes
  5407 | D:9      | Found a staircase to the Orcish Mines.
  5654 | D:10     | Entered Level 10 of the Dungeon
  5670 | D:10     | Reached skill level 10 in Armour
  6052 | D:10     | Found Udutos's Book Emporium.
  6120 | D:10     | Noticed a two-headed ogre
  6125 | D:10     | Killed a two-headed ogre
  6126 | D:10     | Reached XP level 11. HP: 101/101 MP: 10/10
  6623 | D:11     | Noticed a two-headed ogre
  6627 | D:11     | Killed a two-headed ogre
  6880 | D:11     | Reached skill level 10 in Dodging
  7271 | D:11     | Noticed a two-headed ogre
  7277 | D:11     | Killed a two-headed ogre
  7389 | D:11     | Found a staircase to the Lair.
  7394 | Lair:1   | Entered Level 1 of the Lair of Beasts
  7448 | Lair:1   | Reached *** piety under Trog
  7835 | Lair:1   | You fall into a shaft and drop 1 floor!
  8213 | Lair:2   | Noticed a catoblepas
  8221 | Lair:2   | Killed a catoblepas
  8909 | Lair:3   | Reached XP level 12. HP: 113/113 MP: 11/11
  9041 | Lair:3   | Noticed a catoblepas
  9051 | Lair:3   | Killed a catoblepas
  9517 | Lair:4   | HP: 7/169 [yak (8)]
  9522 | Lair:4   | HP: 6/169 [yak (2)]
  9580 | Lair:4   | Noticed a four-headed hydra
  9909 | Lair:4   | Killed a six-headed hydra
 10387 | Lair:4   | Noticed a catoblepas
 10399 | Lair:4   | Killed a catoblepas
 10460 | Lair:4   | Found a runed translucent door.
 10685 | Lair:4   | Reached **** piety under Trog
 10856 | Lair:4   | Noticed Rupert
 10868 | Lair:4   | HP: 7/172 [Rupert (3)]
 10870 | Lair:4   | Killed Rupert
 11314 | Lair:4   | Found a staircase to the Snake Pit.
 11652 | Lair:4   | Found a staircase to the Swamp.
 12025 | Lair:4   | Noticed Aricsoirch's ghost (journeyman GrFi)
 12482 | Lair:5   | Reached XP level 13. HP: 123/123 MP: 12/12
 13051 | Lair:5   | Noticed Urug
 13058 | Lair:5   | Killed Urug
 13814 | Lair:6   | Entered Level 6 of the Lair of Beasts
 14326 | Lair:6   | Found a staircase to the Slime Pits.
 15975 | Lair:6   | Reached skill level 15 in Fighting
 15975 | Lair:6   | Reached skill level 15 in Axes
 16422 | Lair:6   | Reached XP level 14. HP: 104/135 MP: 13/13
 16850 | Lair:6   | Reached ***** piety under Trog
 16852 | Lair:6   | Reached skill level 15 in Armour
 18156 | Lair:1   | Noticed Joseph
 18166 | Lair:1   | Killed Joseph
 18714 | D:12     | Noticed Josephine
 18724 | D:12     | Killed Josephine
 18726 | D:12     | Received a gift from Trog
 18746 | D:12     | Identified the amulet "Dasun" {Acrobat Int+5 Dex+2}
 18755 | D:12     | Found a frozen archway.
 19025 | IceCv    | Entered an ice cave
 19866 | IceCv    | Noticed a frost giant
 19887 | IceCv    | Killed a frost giant
 20965 | D:12     | Cast into level 2 of the Abyss (a wizard)
 20965 | Abyss:2  | Found a corrupted altar of Lugonu.
 21133 | Abyss:2  | Noticed a tentacled starspawn
 21231 | Abyss:2  | Noticed a bone dragon
 21253 | Abyss:2  | Killed a bone dragon
 21272 | Abyss:2  | Slain by a thrashing horror

Illustrated notes

Levels and vault maps discovered:
D:1:      minmay_arrival_open_corners, layout_loops_cross,
          hellmonk_ecumenical_altar_zigzags, chequers_serial_rivers_micro_b
D:2:      layout_loops_corners, serial_forest, infiniplex_forest_zigzag_1,
          infiniplex_forest_diagonal, infiniplex_forest_straight_3,
          infiniplex_forest_zigzag_2, infiniplex_forest_corner_2,
          infiniplex_forest_corner_1, infiniplex_forest_straight_3,
          infiniplex_forest_zigzag_1, minivault_14, minmay_misc_feat_pillars,
          minmay_circle_x
D:3:      layout_basic, wander_ebering_terrifying_dragon_lair, uniq_sigmund,
          uniq_natasha
D:4:      minmay_inner_zag, layout_basic, cheibrodos_sewer_entry_bend,
          hangedman_minor_gate_pass, uniq_robin, uniq_eustachio, uniq_edmund,
          uniq_blork_the_orc, uniq_menkaure
D:5:      layout_layer_cave
D:6:      layout_cave_pools, minitemple, uniq_maggie, uniq_pikel
D:7:      layout_rooms, minmay_temple_entry_poolview, supply_closet_lemuel,
          minmay_manual_monstrance
D:8:      layout_loops_ring, serial_park_tiny_2, grunt_ministairs_9
D:9:      layout_gridville, mainiacjoe_overflow_six_doors_small, orc_0_dummy
D:10:     layout_cave_pods, serial_shops, nicolae_shop_statue_plus
D:11:     layout_roguey, lair_entry_dummy
D:12:     minmay_smoke_and_mirrors, layout_cave_pools, portal_ice_cave_rime,
          kennysheep_generic_room_7, uniq_josephine
Lair:1:   wad_woods_minihive, layout_gridlike, patterned_corridor, uniq_joseph
Lair:2:   layout_cave_shapes
Lair:3:   layout_cave_shapes
Lair:4:   layout_regular_city, nicolae_swamp_entry_splash_gauntlet,
          guppyfry_snake_entry_garden, ebering_ghost_reflecting_pool,
          grunt_megastairs_4, uniq_rupert
Lair:5:   layout_roguey, st_stairs_11, infiniplex_staircase_pool,
          serial_bayou_shore_b, uniq_urug
Lair:6:   evilmike_catoblepas_cave, layout_gridlike, slime_dummy,
          grunt_megastairs_5
Abyss:2:  base: D:10, base: D:14, hangedman_abyss_batty_box,
          hangedman_abyss_or_decor_stabs, evilmike_abyss_exit_mutagenic

Skill      XL: |  1  2  3  4  5  6  7  8  9 10 11 12 13 14 |
---------------+-------------------------------------------+-----
Fighting       | 4 5 6 7 9 10 12 13 15 16 | 16.2
Axes           | 4 5 6 7 9 10 12 13 15 16 | 16.2
Armour         | 3 4 5 6 7 9 10 12 13 14 16 | 16.0
Dodging        | 3 4 5 6 8 9 11 12 13 14 | 14.8

Action                   |  1- 3 |  4- 6 |  7- 9 | 10-12 | 13-15 || total
-------------------------+-------+-------+-------+-------+-------++-------
Melee: Hand axe          |    32 |    33 |   196 |       |       ||   261
       Headbutt          |     4 |     4 |    41 |    70 |   129 ||   248
       Punch             |       |     1 |     6 |     7 |       ||    14
       War axe           |       |       |     6 |   272 |       ||   278
       Battleaxe         |       |       |       |    69 |   553 ||   622
Throw: Throwing net      |       |       |       |     1 |       ||     1
Invok: Berserk           |     2 |     2 |    12 |    17 |    21 ||    54
       Trog's Hand       |       |       |       |     1 |     4 ||     5
Evoke: Phantom mirror    |       |       |       |     1 |       ||     1
       Wand              |       |       |       |       |     2 ||     2
  Use: Scroll            |       |       |       |       |     5 ||     5
Armor: Animal skin       |     3 |       |       |       |       ||     3
       Chain mail        |       |    13 |    86 |       |       ||    99
       Plate armour      |       |       |     3 |   237 |   442 ||   682
Dodge: Dodged            |    14 |    18 |   115 |   162 |   366 ||   675
